 Dungeon Crawl Stone Soup version 0.29.0-4-gdea44cf6ec (webtiles) character file.

Game seed: 16844379480962993463

16940 qw the Severer (level 12, -6/104 HPs)
             Began as a Minotaur Fighter on Sept 6, 2022.
             Was a Believer of Ru.
             Mangled by a four-headed hydra (12 damage)
             ... on level 11 of the Dungeon.
             The game lasted 00:04:45 (13983 turns).

qw the Severer (Minotaur Fighter)                  Turns: 13983, Time: 00:04:46

Health: -6/104     AC:  9    Str: 25    XL:     12   Next: 14%
Magic:  0/3        EV:  6    Int:  5    God:    Ru [**....]
Gold:   378        SH: 17    Dex: 11    Spells: 11/11 levels left

rFire   . . .      SeeInvis +   h - +4 flail (antimagic)
rCold   + . .      Faith    .   q - +0 tower shield
rNeg    . . .      Spirit   +   f - +0 chain mail
rPois   +          Reflect  .   (helmet restricted)
rElec   .          Harm     .   (no cloak)
rCorr   .          Rampage  .   (no gloves)
Will    .....                   (no boots)
Stlth   ..........              o - amulet of guardian spirit
HPRegen 0.27/turn               i - ring of see invisible
MPRegen 0.08/turn               p - ring of poison resistance

@: about to teleport
A: horns 2, inability to train dodging, missing an eye, retaliatory headbutt,
cold resistance 1
a: Renounce Religion


You were on level 11 of the Dungeon.
You worshipped Ru.
Ru was pleased with you.
You visited 2 branches of the dungeon, and saw 12 of its levels.

You collected 858 gold pieces.
You spent 480 gold pieces at shops.


Innate Abilities, Weirdness & Mutations

You have a pair of horns on your head.
You cannot train Dodging skill.
You are missing an eye, making it more difficult to aim.
You reflexively headbutt those who attack you in melee.
Your flesh is cold resistant. (rC+)


   Skills:
 - Level 9.2 Fighting
 - Level 16.0 Axes
 - Level 3.5 Throwing
 + Level 5.2 Armour
 - Level 14.3 Shields


You had 11 spell levels left.
You didn't know any spells.
Your spell library was empty.

Inventory:

Hand Weapons
 h - a +4 antimagic flail (weapon)
 r - the +7 war axe "Maclin" {drain, rN+ Will+}
   (You took it off a kobold on level 4 of the Dungeon)

   A truly terrible weapon, it drains the life of any living foe it strikes.
   rN:        It protects you from negative energy.
   Will:      It increases your willpower.
Missiles
 m - 11 boomerangs (quivered)
Armour
 f - a +0 chain mail (worn)
 g - a +2 ring mail of poison resistance
 q - a +0 tower shield (worn)
Jewellery
 a - a ring of ice
 i - a ring of see invisible (left hand)
 o - an amulet of guardian spirit (around neck)
 p - a ring of poison resistance (right hand)
 s - a ring of resist corrosion
 x - a ring of flight
Wands
 b - a wand of digging (3)
Scrolls
 e - 2 scrolls of teleportation
 k - 11 scrolls of identify
 n - a scroll of enchant armour
 v - a scroll of enchant weapon
 w - a scroll of brand weapon
Potions
 c - a potion of mutation
 d - 2 potions of might
 l - 2 potions of resistance
 t - 3 potions of haste

Dungeon Overview and Level Annotations

Branches:
Dungeon (11/15)            Temple (1/1) D:7            Lair (0/5) D:9
    Orc: D:9-12

Altars:
Ashenzari
Cheibriados
Dithmenos
Elyvilon
Fedhas
Gozag
Kikubaaqudgha
Makhleb
Nemelex Xobeh
Okawaru
Qazlal
Ru
Trog
Uskayaw
Wu Jian
Xom
Zin
The Shining One

Shops:
D:5 (   D:7 =

Portals:
Trove: D:11 (give 8 potions of haste)

Annotations:
D:6 1 transporter
D:9 3 runed translucent doors, qw's ghost, novice MiBe; qw's ghost, novice MiFi; qw's ghost, novice TrCA
D:11 1 runed translucent door, qw's ghost, journeyman TrCA


Message History

You hit the four-headed hydra.
The four-headed hydra is moderately wounded.
The four-headed hydra bites you but does no damage.
You block the four-headed hydra's attack. x3
You sock the four-headed hydra! You headbutt the four-headed hydra!
The four-headed hydra is heavily wounded.
You block the four-headed hydra's attack. x2
The four-headed hydra bites you!
You block the four-headed hydra's attack.
The four-headed hydra bites you. The four-headed hydra bites you!
You block the four-headed hydra's attack.
The four-headed hydra bites you!
You hit the four-headed hydra.
Your headbutt misses the four-headed hydra.
The four-headed hydra is heavily wounded.
The four-headed hydra bites you! x2; The four-headed hydra bites you.
You block the four-headed hydra's attack.
13980 ||| READING 3 scrolls of teleportation.
As you read the scroll of teleportation, it crumbles to dust.
You feel strangely unstable.
You block the four-headed hydra's attack. x2
The four-headed hydra bites you. x2
13981 ||| DRINKING potion of heal wounds.
You feel much better. The four-headed hydra bites you.
The four-headed hydra bites you but does no damage.
The four-headed hydra completely misses you.
You block the four-headed hydra's attack.
You thump the four-headed hydra!
The four-headed hydra is severely wounded.
You block the four-headed hydra's attack.
The four-headed hydra bites you but does no damage. x2
The four-headed hydra bites you!
You sock the four-headed hydra!
The four-headed hydra is severely wounded.
You block the four-headed hydra's attack.
The four-headed hydra bites you!
The four-headed hydra completely misses you.
The four-headed hydra bites you!
You die...

..#.........#.#
#.#.#######.#.# #.#.#
#####}#.######## #.#.#
#....#.......... ##.####.#.#
#.###.#.######## ........#.#
#.# #....######. ..<..#.#.#
#.##............
(........W###.##.....#####..
(.<...#..uD@......#.........
(.###.###########.########..
# #.# #####.# .#. #.....#
#.###.# #.. #.. ### #.. #
#.. 77#.#


You could see a four-headed hydra, a red ugly thing and a wraith.

Vanquished Creatures
  A vault guard (D:11)
  Erica (D:8)
  A centaur warrior (D:9)
  5 two-headed ogres
  Pikel (D:9)
  2 cyclopes (D:6)
  Joseph (D:9)
  Psyche (D:8)
  A hornet (D:10)
  2 trolls
  Prince Ribbit (D:6)
  Sigmund (D:4)
  2 shadows
  A wraith (D:11)
  4 wyverns
  A vampire (D:10)
  A steam dragon (D:8)
  16 yaks
  Edmund (D:4)
  An acid dragon (D:11)
  Duvessa (D:5)
  7 water moccasins
  3 ice beasts
  2 orc warriors
  5 black bears
  5 centaurs
  A wolf (D:8)
  4 lemures (D:9)
  2 ogres (D:6)
  2 phantoms
  5 kobold brigands
  4 bullfrogs
  2 necrophages
  4 scorpions
  6 wights (D:7)
  Dowan (D:5)
  10 killer bees
  3 howler monkeys
  A jelly (D:5)
  2 hounds
  4 orc priests
  Ijyb (D:3)
  4 iguanas
  10 orc wizards
  Robin (D:3)
  7 adders
  5 shadow imps
  An ufetubus (D:5)
  3 worms
  7 dart slugs
  45 orcs
  2 ball pythons
  4 bats
  5 endoplasms
  4 giant cockroaches
  12 goblins
  7 hobgoblins
  A quokka (D:1)
  A frilled lizard (D:2)
  17 kobolds
  3 rats
259 creatures vanquished.

Vanquished Creatures (others)
  A boulder beetle (D:9)
  An ogre (D:5)
  A gnoll sergeant (D:5)
  A scorpion (D:5)
  A jelly (D:5)
  A gnoll bouda (D:5)
  An adder (D:5)
  A jackal (D:5)
  9 fungi
  19 plants
  3 withered plants (D:10)
39 creatures vanquished.

Grand Total: 298 creatures vanquished

Notes
Turn   | Place    | Note
-------+----------+-------------------------------------------
     0 | D:1      | qw the Minotaur Fighter began the quest for the Orb.
     0 | D:1      | Reached XP level 1. HP: 19/19 MP: 0/0
     0 | D:1      | 0 ||| qw: Version: 0.1-a-107-g9ff403c
     0 | D:1      | 0 ||| qw: Game counter: 6071
     0 | D:1      | 0 ||| qw: Always use a shield: true
     0 | D:1      | 0 ||| qw: God list: Ru
     0 | D:1      | 0 ||| qw: Allow faded altars: false
     0 | D:1      | 0 ||| qw: Do Orc after D:15 true
     0 | D:1      | 0 ||| qw: Do second Lair branch before Depths: true
     0 | D:1      | 0 ||| qw: Lair rune preference: random
     0 | D:1      | 0 ||| qw: Plans: Normal
     0 | D:1      | 0 ||| PLANNING D:1-11
    20 | D:1      | 20 ||| Stepping ~*~*~tactically~*~*~ (hiding).
   165 | D:1      | Reached skill level 3 in Axes
   193 | D:1      | You fall into a shaft and drop 1 floor!
   268 | D:2      | 268 ||| UPGRADING to ring of see invisible.
   269 | D:2      | 269 ||| READING scroll labelled SAD EPHESE.
   270 | D:2      | 270 ||| READING 2 scrolls labelled VIUPRUENOTZ.
   271 | D:2      | 271 ||| READING scroll labelled AFAZAA NE CAFF.
   272 | D:2      | 272 ||| READING scroll labelled YLLUEN JUFAIF.
   273 | D:2      | 273 ||| READING scroll labelled RYOCERGHE JOTU.
   274 | D:2      | 274 ||| DROPPING scroll of blinking.
   275 | D:2      | 275 ||| Stepping randomly (stuck).
   276 | D:2      | 276 ||| Stepping ~*~*~tactically~*~*~ (cloud).
   586 | D:1      | Reached XP level 2. HP: 26/26 MP: 1/1
   632 | D:1      | Found a faded altar of an unknown god.
  1039 | D:1      | 1039 ||| READING scroll labelled EPNEL JOUNA.
  1040 | D:1      | 1040 ||| READING scroll labelled SIBBIKHLIMOJ.
  1190 | D:1      | 1190 ||| READING scroll labelled SUIZUE WAPIE.
  1279 | D:2      | Reached skill level 4 in Axes
  1428 | D:2      | 1428 ||| Stepping ~*~*~tactically~*~*~ (hiding).
  1434 | D:2      | Reached XP level 3. HP: 31/31 MP: 2/2
  2090 | D:2      | 2090 ||| Stepping ~*~*~tactically~*~*~ (stealth).
  2157 | D:2      | Reached skill level 5 in Axes
  2350 | D:2      | 2350 ||| DRINKING 2 purple potions.
  2451 | D:2      | 2451 ||| READING 2 scrolls of identify.
  2451 | D:2      | 2451 ||| IDENTIFYING silvery potion
  2452 | D:2      | 2452 ||| DROPPING potion of ambrosia.
  2453 | D:2      | 2453 ||| DROPPING potion of brilliance.
  2590 | D:3      | Reached XP level 4. HP: 39/39 MP: 3/3
  2673 | D:3      | Reached skill level 1 in Dodging
  2686 | D:3      | 2686 ||| Stepping ~*~*~tactically~*~*~ (stealth).
  2708 | D:3      | 2708 ||| Stepping ~*~*~tactically~*~*~ (stealth).
  2718 | D:3      | Noticed Robin
  2719 | D:3      | 2719 ||| Stepping ~*~*~tactically~*~*~ (hiding).
  2730 | D:3      | Killed Robin
  2739 | D:3      | 2739 ||| FLEEEEING.
  2741 | D:3      | 2741 ||| FLEEEEING.
  2742 | D:3      | 2742 ||| FLEEEEING.
  2743 | D:3      | 2743 ||| FLEEEEING.
  2744 | D:3      | 2744 ||| FLEEEEING.
  2750 | D:3      | 2750 ||| FLEEEEING.
  2751 | D:3      | 2751 ||| FLEEEEING.
  2752 | D:3      | 2752 ||| FLEEEEING.
  2753 | D:3      | 2753 ||| FLEEEEING.
  2754 | D:3      | 2754 ||| FLEEEEING.
  2755 | D:3      | 2755 ||| FLEEEEING.
  2757 | D:3      | 2757 ||| FLEEEEING.
  2758 | D:3      | 2758 ||| FLEEEEING.
  2759 | D:3      | 2759 ||| FLEEEEING.
  2760 | D:3      | 2760 ||| FLEEEEING.
  2761 | D:3      | 2761 ||| FLEEEEING.
  2762 | D:3      | 2762 ||| FLEEEEING.
  2763 | D:3      | 2763 ||| FLEEEEING.
  2888 | D:3      | 2888 ||| DROPPING +0 whip.
  2956 | D:3      | 2956 ||| Stepping ~*~*~tactically~*~*~ (hiding).
  2962 | D:3      | Reached skill level 6 in Axes
  2972 | D:3      | Reached XP level 5. HP: 39/45 MP: 4/4
  3164 | D:3      | 3164 ||| DROPPING +2 whip of draining.
  3168 | D:3      | 3168 ||| Stepping ~*~*~tactically~*~*~ (hiding).
  3337 | D:3      | Noticed Ijyb
  3338 | D:3      | 3338 ||| Stepping ~*~*~tactically~*~*~ (hiding).
  3352 | D:3      | Killed Ijyb
  3488 | D:3      | Reached skill level 7 in Axes
  3582 | D:3      | 3582 ||| UPGRADING to +0 chain mail.
  3592 | D:3      | 3592 ||| DROPPING +0 scale mail.
  3593 | D:3      | 3593 ||| DROPPING amulet of magic regeneration.
  3594 | D:3      | 3594 ||| READING scroll labelled HECZYU HUNAP.
  3595 | D:3      | 3595 ||| READING scroll labelled OXZIRO POWNA.
  3596 | D:3      | 3596 ||| READING scroll labelled XADGHIDDUNI.
  3597 | D:3      | 3597 ||| READING 4 scrolls of identify.
  3597 | D:3      | 3597 ||| IDENTIFYING fuming coppery potion
  3598 | D:3      | 3598 ||| READING 3 scrolls of identify.
  3598 | D:3      | 3598 ||| IDENTIFYING orange potion
  3642 | D:4      | Reached XP level 6. HP: 31/52 MP: 5/5
  3834 | D:4      | Noticed Sigmund
  3852 | D:4      | Killed Sigmund
  3853 | D:4      | Reached skill level 8 in Axes
  3869 | D:4      | 3869 ||| Stepping ~*~*~tactically~*~*~ (stealth).
  3977 | D:4      | Noticed Edmund
  3991 | D:4      | Killed Edmund
  3992 | D:4      | Reached skill level 9 in Axes
  3992 | D:4      | Reached XP level 7. HP: 26/59 MP: 0/6
  4166 | D:4      | 4166 ||| DROPPING +1 whip of electrocution.
  4380 | D:4      | Found a glowing silver altar of Zin.
  4454 | D:4      | Identified the +7 war axe "Maclin" {drain, rN+ Will+}
  4464 | D:4      | 4464 ||| SWAPPING to +7 war axe "Maclin" {drain, rN+
                  | Will+}.
  4465 | D:4      | 4465 ||| DROPPING +1 war axe.
  4682 | D:4      | 4682 ||| UPGRADING to +0 tower shield.
  4692 | D:4      | 4692 ||| DROPPING +0 buckler.
  4693 | D:4      | 4693 ||| UPGRADING to ring of poison resistance.
  4694 | D:4      | 4694 ||| READING scroll labelled CIYDAVO BUFOH.
  4695 | D:4      | 4695 ||| READING scroll labelled UMPEOPP JOFIRU.
  4696 | D:4      | 4696 ||| READING scroll labelled WOPUR OJ HOAPS.
  4697 | D:4      | 4697 ||| READING 3 scrolls of identify.
  4697 | D:4      | 4697 ||| IDENTIFYING fizzy emerald potion
  4698 | D:4      | 4698 ||| DROPPING potion of invisibility.
  4745 | D:5      | Entered Level 5 of the Dungeon
  4753 | D:5      | Noticed Duvessa
  4754 | D:5      | 4754 ||| Stepping ~*~*~tactically~*~*~ (hiding).
  4766 | D:5      | Killed Duvessa
  4773 | D:5      | Noticed Dowan
  4779 | D:5      | Killed Dowan
  4965 | D:5      | Reached skill level 6 in Shields
  5040 | D:5      | 5040 ||| Stepping ~*~*~tactically~*~*~ (stealth).
  5043 | D:5      | 5043 ||| Stepping ~*~*~tactically~*~*~ (stealth).
  5204 | D:5      | 5204 ||| Stepping ~*~*~tactically~*~*~ (stealth).
  5206 | D:5      | 5206 ||| Stepping ~*~*~tactically~*~*~ (stealth).
  5210 | D:5      | Reached XP level 8. HP: 67/67 MP: 7/7
  5393 | D:5      | Found a shimmering altar of Xom.
  5456 | D:5      | Found a white marble altar of Elyvilon.
  5505 | D:5      | Found Reloin's Weapon Shoppe.
  5571 | D:5      | 5571 ||| READING 5 scrolls of identify.
  5571 | D:5      | 5571 ||| IDENTIFYING lumpy dark potion
  5572 | D:5      | 5572 ||| DROPPING potion of attraction.
  5647 | D:6      | Noticed Prince Ribbit
  5663 | D:6      | Killed Prince Ribbit
  5664 | D:6      | Reached skill level 9 in Shields
  6049 | D:6      | Noticed a two-headed ogre
  6055 | D:6      | Killed a two-headed ogre
  6056 | D:6      | Reached XP level 9. HP: 37/79 MP: 8/8
  6254 | D:6      | Noticed a cyclops
  6269 | D:6      | Killed a cyclops
  6270 | D:6      | Reached skill level 10 in Axes
  6442 | D:6      | Noticed a cyclops
  6443 | D:6      | 6443 ||| Stepping ~*~*~tactically~*~*~ (stealth).
  6452 | D:6      | 6452 ||| FLEEEEING.
  6453 | D:6      | 6453 ||| FLEEEEING.
  6454 | D:6      | 6454 ||| FLEEEEING.
  6456 | D:6      | 6456 ||| FLEEEEING.
  6457 | D:6      | 6457 ||| FLEEEEING.
  6458 | D:6      | 6458 ||| FLEEEEING.
  6459 | D:6      | 6459 ||| FLEEEEING.
  6460 | D:6      | 6460 ||| FLEEEEING.
  6472 | D:6      | 6472 ||| FLEEEEING.
  6473 | D:6      | 6473 ||| FLEEEEING.
  6503 | D:6      | Killed a cyclops
  6504 | D:6      | Reached skill level 3 in Throwing
  6641 | D:6      | 6641 ||| Stepping ~*~*~tactically~*~*~ (stealth).
  6694 | D:6      | Found an opulent altar of Gozag.
  6764 | D:6      | Found a sparkling altar of Nemelex Xobeh.
  6764 | D:6      | Found a transporter.
  6764 | D:6      | Noticed a gargoyle
  6801 | D:6      | 6801 ||| FLEEEEING.
  6802 | D:6      | 6802 ||| FLEEEEING.
  6803 | D:6      | 6803 ||| FLEEEEING.
  6804 | D:6      | 6804 ||| FLEEEEING.
  6805 | D:6      | 6805 ||| FLEEEEING.
  6806 | D:6      | 6806 ||| FLEEEEING.
  6807 | D:6      | 6807 ||| FLEEEEING.
  6808 | D:6      | 6808 ||| FLEEEEING.
  6809 | D:6      | 6809 ||| FLEEEEING.
  6810 | D:6      | 6810 ||| FLEEEEING.
  7129 | D:6      | 7129 ||| DROPPING amulet of faith.
  7130 | D:6      | 7130 ||| DRINKING 2 coppery potions.
  7130 | D:6      | Gained mutation: Your flesh is cold resistant. (rC+)
                  | [potion of mutation]
  7201 | D:7      | 7201 ||| Stepping ~*~*~tactically~*~*~ (stealth).
  7206 | D:7      | 7206 ||| Stepping ~*~*~tactically~*~*~ (stealth).
  7223 | D:7      | Reached XP level 10. HP: 54/86 MP: 9/9
  7223 | D:7      | 7223 ||| FLEEEEING.
  7225 | D:7      | 7225 ||| FLEEEEING.
  7226 | D:7      | 7226 ||| FLEEEEING.
  7227 | D:7      | 7227 ||| FLEEEEING.
  7228 | D:7      | 7228 ||| FLEEEEING.
  7229 | D:7      | 7229 ||| FLEEEEING.
  7230 | D:7      | 7230 ||| STAIRDANCE
  7365 | D:7      | Reached skill level 11 in Axes
  7393 | D:7      | 7393 ||| Stepping ~*~*~tactically~*~*~ (stealth).
  7440 | D:7      | Found Erchidatz's Jewellery Boutique.
  7444 | D:7      | 7444 ||| Stepping ~*~*~tactically~*~*~ (stealth).
  7454 | D:7      | 7454 ||| SHOPLISTING +6 ring of dexterity (576 gold, have
                  | 494).
  7454 | D:7      | 7454 ||| BUYING amulet of guardian spirit (480 gold).
  7454 | D:7      | Bought an amulet of guardian spirit for 480 gold pieces
  7454 | D:7      | 7454 ||| SHOPLISTING amulet of reflection (480 gold, have
                  | 14).
  7454 | D:7      | 7454 ||| SHOPLISTING amulet of the acrobat (480 gold, have
                  | 14).
  7454 | D:7      | 7454 ||| SHOPLISTING ring "Xebi" {Wiz rN+ Str+4 Int+3} (894
                  | gold, have 14).
  7454 | D:7      | 7454 ||| SHOPLISTING ring of positive energy (320 gold,
                  | have 14).
  7454 | D:7      | 7454 ||| SHOPLISTING ring of willpower (400 gold, have 14).
  7473 | D:7      | 7473 ||| Stepping ~*~*~tactically~*~*~ (stealth).
  7576 | D:7      | Reached skill level 12 in Shields
  7792 | D:7      | 7792 ||| Stepping ~*~*~tactically~*~*~ (stealth).
  7794 | D:7      | 7794 ||| Stepping ~*~*~tactically~*~*~ (hiding).
  7795 | D:7      | 7795 ||| Stepping ~*~*~tactically~*~*~ (hiding).
  7798 | D:7      | Found a staircase to the Ecumenical Temple.
  7799 | D:7      | 7799 ||| PLANNING TEMPLE
  7813 | D:7      | 7813 ||| UPGRADING to amulet of guardian spirit.
  7818 | D:7      | 7818 ||| READING scroll labelled YNKIS OTTA.
  7819 | D:7      | 7819 ||| READING 8 scrolls of identify.
  7819 | D:7      | 7819 ||| IDENTIFYING pink potion
  7828 | Temple   | Entered the Ecumenical Temple
  7938 | Temple   | Became a worshipper of Ru the Awakened
  7940 | Temple   | 7940 ||| PLANNING D:1-11
  8491 | D:8      | Found an ornate altar of the Wu Jian Council.
  8526 | D:8      | Noticed a two-headed ogre
  8533 | D:8      | Noticed Psyche
  8533 | D:8      | HP: 16/86 [two-headed ogre/+0 giant club (14)]
  8534 | D:8      | 8534 ||| READING 2 scrolls of teleportation.
  8535 | D:8      | 8535 ||| DRINKING 2 potions of heal wounds.
  8537 | D:8      | 8537 ||| Stepping ~*~*~tactically~*~*~ (stealth).
  8625 | D:8      | Noticed Erica
  8626 | D:8      | 8626 ||| Stepping ~*~*~tactically~*~*~ (stealth).
  8678 | D:8      | Killed a two-headed ogre
  8679 | D:8      | Reached skill level 12 in Axes
  8718 | D:8      | 8718 ||| Stepping ~*~*~tactically~*~*~ (stealth).
  8722 | D:8      | Killed Psyche
  8782 | D:8      | 8782 ||| Stepping ~*~*~tactically~*~*~ (stealth).
  8794 | D:8      | 8794 ||| Stepping ~*~*~tactically~*~*~ (stealth).
  8795 | D:8      | 8795 ||| Stepping ~*~*~tactically~*~*~ (stealth).
  8827 | D:8      | 8827 ||| Stepping ~*~*~tactically~*~*~ (stealth).
  8843 | D:8      | 8843 ||| Stepping ~*~*~tactically~*~*~ (stealth).
  8854 | D:8      | 8854 ||| Stepping ~*~*~tactically~*~*~ (stealth).
  8864 | D:8      | Killed Erica
  8865 | D:8      | Reached skill level 13 in Axes
  9002 | D:8      | 9002 ||| Stepping ~*~*~tactically~*~*~ (hiding).
  9003 | D:8      | 9003 ||| Stepping ~*~*~tactically~*~*~ (hiding).
  9004 | D:8      | 9004 ||| Stepping ~*~*~tactically~*~*~ (hiding).
  9005 | D:8      | 9005 ||| Stepping ~*~*~tactically~*~*~ (hiding).
  9007 | D:8      | 9007 ||| Stepping ~*~*~tactically~*~*~ (hiding).
  9008 | D:8      | 9008 ||| Stepping ~*~*~tactically~*~*~ (hiding).
  9009 | D:8      | 9009 ||| Stepping ~*~*~tactically~*~*~ (hiding).
  9010 | D:8      | 9010 ||| Stepping ~*~*~tactically~*~*~ (hiding).
  9056 | D:8      | 9056 ||| Stepping ~*~*~tactically~*~*~ (stealth).
  9062 | D:8      | 9062 ||| Stepping ~*~*~tactically~*~*~ (stealth).
  9063 | D:8      | 9063 ||| Stepping ~*~*~tactically~*~*~ (stealth).
  9093 | D:8      | 9093 ||| Stepping ~*~*~tactically~*~*~ (hiding).
  9094 | D:8      | 9094 ||| Stepping ~*~*~tactically~*~*~ (hiding).
  9095 | D:8      | 9095 ||| Stepping ~*~*~tactically~*~*~ (hiding).
  9096 | D:8      | 9096 ||| Stepping ~*~*~tactically~*~*~ (hiding).
  9097 | D:8      | 9097 ||| Stepping ~*~*~tactically~*~*~ (hiding).
  9098 | D:8      | 9098 ||| Stepping ~*~*~tactically~*~*~ (hiding).
  9100 | D:8      | 9100 ||| Stepping ~*~*~tactically~*~*~ (hiding).
  9102 | D:8      | 9102 ||| Stepping ~*~*~tactically~*~*~ (hiding).
  9103 | D:8      | 9103 ||| Stepping ~*~*~tactically~*~*~ (hiding).
  9204 | D:8      | 9204 ||| Stepping ~*~*~tactically~*~*~ (stealth).
  9207 | D:8      | 9207 ||| Stepping ~*~*~tactically~*~*~ (stealth).
  9654 | D:9      | 9654 ||| INVOKING Sacrifice an Eye.
  9654 | D:9      | Gained mutation: You are missing an eye, making it more
                  | difficult to aim. [Ru sacrifice]
  9654 | D:9      | Reached * piety under Ru
  9657 | D:9      | Noticed a centaur warrior
  9658 | D:9      | 9658 ||| Stepping ~*~*~tactically~*~*~ (hiding).
  9668 | D:9      | Killed a centaur warrior
  9669 | D:9      | Reached XP level 11. HP: 72/92 MP: 7/10
  9870 | D:9      | Noticed a two-headed ogre
  9878 | D:9      | Killed a two-headed ogre
 10071 | D:9      | 10071 ||| Stepping ~*~*~tactically~*~*~ (hiding).
 10072 | D:9      | 10072 ||| Stepping ~*~*~tactically~*~*~ (hiding).
 10082 | D:9      | 10082 ||| Stepping ~*~*~tactically~*~*~ (stealth).
 10144 | D:9      | 10144 ||| Stepping ~*~*~tactically~*~*~ (stealth).
 10145 | D:9      | 10145 ||| Stepping ~*~*~tactically~*~*~ (stealth).
 10202 | D:9      | 10202 ||| Stepping ~*~*~tactically~*~*~ (stealth).
 10203 | D:9      | 10203 ||| FLEEEEING.
 10204 | D:9      | 10204 ||| FLEEEEING.
 10205 | D:9      | 10205 ||| FLEEEEING.
 10442 | D:9      | 10442 ||| Stepping ~*~*~tactically~*~*~ (stealth).
 10443 | D:9      | 10443 ||| Stepping ~*~*~tactically~*~*~ (stealth).
 10446 | D:9      | 10446 ||| Stepping ~*~*~tactically~*~*~ (hiding).
 10447 | D:9      | 10447 ||| Stepping ~*~*~tactically~*~*~ (hiding).
 10511 | D:9      | Reached skill level 14 in Axes
 10546 | D:9      | 10546 ||| FLEEEEING.
 10547 | D:9      | 10547 ||| FLEEEEING.
 10548 | D:9      | 10548 ||| FLEEEEING.
 10549 | D:9      | 10549 ||| FLEEEEING.
 10550 | D:9      | 10550 ||| FLEEEEING.
 10551 | D:9      | 10551 ||| STAIRDANCE
 10640 | D:9      | 10640 ||| STAIRDANCE
 10696 | D:9      | 10696 ||| STAIRDANCE
 10744 | D:9      | Reached skill level 3 in Dodging
 10793 | D:9      | Found a staircase to the Lair.
 10798 | D:9      | Noticed Joseph
 10812 | D:9      | Killed Joseph
 10916 | D:9      | Noticed a two-headed ogre
 10919 | D:9      | 10919 ||| FLEEEEING.
 10920 | D:9      | 10920 ||| FLEEEEING.
 10921 | D:9      | 10921 ||| FLEEEEING.
 10922 | D:9      | 10922 ||| FLEEEEING.
 10923 | D:9      | 10923 ||| FLEEEEING.
 10924 | D:9      | 10924 ||| FLEEEEING.
 10925 | D:9      | 10925 ||| FLEEEEING.
 10926 | D:9      | 10926 ||| FLEEEEING.
 10927 | D:9      | 10927 ||| FLEEEEING.
 10928 | D:9      | 10928 ||| FLEEEEING.
 10929 | D:9      | 10929 ||| FLEEEEING.
 10930 | D:9      | 10930 ||| FLEEEEING.
 10931 | D:9      | 10931 ||| FLEEEEING.
 10932 | D:9      | 10932 ||| FLEEEEING.
 10933 | D:9      | 10933 ||| FLEEEEING.
 10934 | D:9      | 10934 ||| FLEEEEING.
 10935 | D:9      | 10935 ||| FLEEEEING.
 10936 | D:9      | 10936 ||| FLEEEEING.
 10937 | D:9      | 10937 ||| FLEEEEING.
 10938 | D:9      | 10938 ||| STAIRDANCE
 10993 | D:9      | Killed a two-headed ogre
 10994 | D:9      | 10994 ||| STAIRDANCE
 11338 | D:9      | Noticed a boulder beetle
 11354 | D:9      | Killed a boulder beetle
 11355 | D:9      | Reached skill level 15 in Axes
 11565 | D:9      | Found a runed translucent gate.
 11566 | D:9      | Found a runed translucent gate.
 11566 | D:9      | Found a runed translucent gate.
 11568 | D:9      | Noticed qw's ghost (novice TrCA)
 11568 | D:9      | Noticed qw's ghost (novice TrCA)
 11569 | D:9      | Noticed qw's ghost (novice MiBe)
 11569 | D:9      | Noticed qw's ghost (novice MiFi)
 11622 | D:9      | Found a burning altar of Makhleb.
 11732 | D:9      | Noticed Pikel
 11799 | D:9      | Killed Pikel
 11800 | D:9      | Reached skill level 9 in Fighting
 12403 | D:10     | Entered Level 10 of the Dungeon
 12430 | D:10     | 12430 ||| Stepping ~*~*~tactically~*~*~ (hiding).
 12432 | D:10     | 12432 ||| Stepping ~*~*~tactically~*~*~ (hiding).
 12439 | D:10     | 12439 ||| Stepping ~*~*~tactically~*~*~ (hiding).
 12440 | D:10     | 12440 ||| Stepping ~*~*~tactically~*~*~ (hiding).
 12442 | D:10     | Found an ancient bone altar of Kikubaaqudgha.
 12899 | D:10     | 12899 ||| Stepping ~*~*~tactically~*~*~ (stealth).
 12900 | D:10     | 12900 ||| Stepping ~*~*~tactically~*~*~ (stealth).
 12903 | D:10     | 12903 ||| Stepping ~*~*~tactically~*~*~ (stealth).
 12903 | D:10     | Found a stormy altar of Qazlal.
 13164 | D:10     | 13164 ||| READING 9 scrolls of identify.
 13164 | D:10     | 13164 ||| IDENTIFYING smoky black potion
 13165 | D:10     | 13165 ||| DROPPING potion of lignification.
 13238 | D:11     | 13238 ||| Stepping ~*~*~tactically~*~*~ (stealth).
 13249 | D:11     | 13249 ||| FLEEEEING.
 13250 | D:11     | 13250 ||| FLEEEEING.
 13251 | D:11     | 13251 ||| FLEEEEING.
 13252 | D:11     | 13252 ||| FLEEEEING.
 13253 | D:11     | 13253 ||| FLEEEEING.
 13254 | D:11     | 13254 ||| FLEEEEING.
 13255 | D:11     | 13255 ||| FLEEEEING.
 13256 | D:11     | 13256 ||| FLEEEEING.
 13257 | D:11     | 13257 ||| FLEEEEING.
 13258 | D:11     | 13258 ||| FLEEEEING.
 13259 | D:11     | 13259 ||| FLEEEEING.
 13260 | D:11     | 13260 ||| FLEEEEING.
 13261 | D:11     | 13261 ||| FLEEEEING.
 13262 | D:11     | 13262 ||| FLEEEEING.
 13263 | D:11     | 13263 ||| FLEEEEING.
 13264 | D:11     | 13264 ||| FLEEEEING.
 13265 | D:11     | 13265 ||| STAIRDANCE
 13363 | D:11     | Found a frozen archway.
 13372 | D:11     | Noticed a two-headed ogre
 13378 | D:11     | Killed a two-headed ogre
 13471 | D:11     | 13471 ||| INVOKING Sacrifice Nimbleness.
 13471 | D:11     | Gained mutation: You cannot train Dodging skill. [Ru
                  | sacrifice]
 13471 | D:11     | Reached ** piety under Ru
 13478 | D:11     | Found a runed translucent door.
 13479 | D:11     | Identified the +9 spear of Slime {holy, rF- Int+6 Stlth+}
 13481 | D:11     | Noticed qw's ghost (journeyman TrCA)
 13481 | D:11     | Noticed a spriggan rider
 13543 | D:11     | Noticed a vault guard
 13551 | D:11     | Killed a vault guard
 13552 | D:11     | Reached XP level 12. HP: 104/104 MP: 11/11
 13557 | D:11     | Found a portal to a secret trove of treasure.
 13732 | D:11     | Reached skill level 16 in Axes
 13963 | D:11     | Noticed a four-headed hydra
 13970 | D:11     | 13970 ||| SWAPPING to +4 antimagic flail.
 13972 | D:11     | 13972 ||| Stepping ~*~*~tactically~*~*~ (outnumbered).
 13974 | D:11     | 13974 ||| Stepping ~*~*~tactically~*~*~ (outnumbered).
 13975 | D:11     | 13975 ||| Stepping ~*~*~tactically~*~*~ (outnumbered).
 13976 | D:11     | 13976 ||| Stepping ~*~*~tactically~*~*~ (outnumbered).
 13979 | D:11     | HP: 25/104 [four-headed hydra (4)]
 13980 | D:11     | 13980 ||| READING 3 scrolls of teleportation.
 13981 | D:11     | 13981 ||| DRINKING potion of heal wounds.
 13983 | D:11     | HP: 6/104 [four-headed hydra (13)]
 13983 | D:11     | Mangled by a four-headed hydra

Levels and vault maps discovered:
D:1:      dpeg_arrival_fog, layout_basic, basic_ecumenical_altar
D:2:      layout_basic
D:3:      wander_river, layout_basic, supply_closet_lemuel,
          minmay_misc_feat_four_crosses, uniq_ijyb, uniq_robin
D:4:      layout_gridville, mainiacjoe_overflow_brackets, uniq_edmund,
          uniq_sigmund
D:5:      layout_rooms, xom_confusion_cloud, lemuel_tele_altar, serial_shops,
          kennysheep_mini_moat, uniq_duvessa
D:6:      layout_basic, grunt_gozag_breadcrumbs, grunt_nemelex_the_gamble,
          roderic_st_hans_cross, kennysheep_decorative_pillar,
          dreamdust_wishing_well, kb_rosetta, uniq_prince_ribbit1
D:7:      layout_gridville, minmay_temple_entry_drinking_statues, serial_shops,
          nicolae_square_shop, minmay_fractal_squares_diagonal_5
D:8:      minmay_inner_zag, layout_basic, mainiacjoe_overflow_six_doors_small,
          uniq_erica, uniq_psyche
D:9:      layout_layer_cave, mainiacjoe_overflow_alcove_1,
          minmay_lair_entry_grove, gammafunk_ghost_cemetery, uniq_joseph,
          uniq_pikel
D:10:     layout_gridville, grunt_qazlal_sundering, kiku_gazebo_garden_becter
D:11:     layout_loops_ring, ebering_ghost_funeral_grove, enter_trove_5,
          portal_ice_cave_entry_pillars_2
Temple:   nicolae_temple_bog_church

Skill      XL: |  1  2  3  4  5  6  7  8  9 10 11 12 |
---------------+-------------------------------------+-----
Axes           | 3 4 5 6 7 9 10 13 15 16 | 16.0
Dodging        | 1 2 0 |  0.0
Fighting       | 4 7 9 |  9.2
Shields        | 6 10 11 13 14 | 14.3
Throwing       | 3 |  3.5
Armour         | 4 5 |  5.2

Action                   |  1- 3 |  4- 6 |  7- 9 | 10-12 || total
-------------------------+-------+-------+-------+-------++-------
Melee: War axe           |    55 |   101 |   131 |   346 ||   633
       Headbutt          |    13 |    20 |    27 |    42 ||   102
       Flail             |       |       |       |     7 ||     7
Throw: Boomerang         |       |     2 |    60 |    28 ||    90
       Javelin           |       |       |       |    69 ||    69
Invok: Sacrifice an Eye  |       |       |       |     1 ||     1
       Sacrifice Nimblen |       |       |       |     1 ||     1
  Use: Scroll            |     9 |     5 |     5 |     5 ||    24
       Potion            |     1 |       |     1 |     2 ||     4
Armor: Scale mail        |    17 |    24 |       |       ||    41
       Chain mail        |       |     7 |    33 |    86 ||   126
Dodge: Dodged            |    15 |    28 |    19 |    74 ||   136
Block: Buckler           |     5 |    11 |       |       ||    16
       Tower shield      |       |       |    97 |   284 ||   381

Table legend:
 A = Non-vault XP
 B = Vault XP
 C = Vault XP percentage of total XP
 D = Non-vault monster count
 E = Vault monster count
 F = Vault count percentage of total count
                 A         B        C        D         E       F
            +---------+---------+-------+---------+---------+-------
      Total |   14456 |    9745 |  40.3 |     200 |      56 |  21.9
            +---------+---------+-------+---------+---------+-------
        D:1 |      27 |       0 |   0.0 |      13 |       0 |   0.0
        D:2 |      64 |       0 |   0.0 |      13 |       0 |   0.0
        D:3 |     162 |      71 |  30.5 |      19 |      12 |  38.7
        D:4 |     239 |     397 |  62.4 |      19 |       2 |   9.5
        D:5 |     399 |     413 |  50.9 |      21 |       6 |  22.2
        D:6 |     727 |    2265 |  75.7 |      13 |       5 |  27.8
        D:7 |    1207 |     937 |  43.7 |      29 |       8 |  21.6
        D:8 |    1830 |    2304 |  55.7 |      26 |      11 |  29.7
        D:9 |    6184 |    2617 |  29.7 |      27 |      11 |  28.9
       D:10 |     900 |       0 |   0.0 |       7 |       0 |   0.0
       D:11 |    2717 |     741 |  21.4 |      13 |       1 |   7.1
            +---------+---------+-------+---------+---------+-------
